 Dungeon Crawl Stone Soup version 0.31-a0-925-g0a390f2509 (webtiles) character file.

Game seed: 15442100318553936308

7 promet the Slicer (level 2, -4/19 HPs)
             Began as a Gnoll Wanderer on Oct 18, 2023.
             Slain by a kobold
             ... wielding a +0 dagger of electrocution
              (20 damage)
             ... on level 1 of the Dungeon.
             The game lasted 00:00:44 (102 turns).

promet the Slicer (Gnoll Wanderer)                   Turns: 102, Time: 00:00:45

Health: -4/19      AC:  4    Str:  9    XL:     2   Next: 4%
Magic:  3/3        EV: 10    Int:  7    God:
Gold:   0          SH:  5    Dex: 17    Spells: 1/1 levels left

rFire   . . .        a - +2 falchion
rCold   . . .        c - +0 buckler
rNeg    . . .        e - +1 leather armour
rPois   .            (no helmet)
rElec   .            (no cloak)
rCorr   .            (no gloves)
SInv    .            (no boots)
Will    .....        (no amulet)
Stlth   +            (no ring)
HPRegen 0.23/turn    (no ring)
MPRegen 0.08/turn

%: no passive effects
@: no status effects
A: fangs 1, strong nose, distributed training
a: no special abilities


You were on level 1 of the Dungeon.
You visited 1 branch of the dungeon, and saw 1 of its levels.

Inventory:

Hand Weapons
 a - a +2 falchion (weapon)
 b - a +0 short sword
Armour
 c - a +0 buckler (worn)
 e - a +1 leather armour (worn)
Potions
 d - a potion of curing


   Skills:
 + Level 0.2 Fighting
 + Level 8.4 Short Blades
 + Level 4.4 Long Blades
 + Level 0.2 Axes
 + Level 0.2 Maces & Flails
 + Level 0.2 Polearms
 + Level 0.2 Staves
 + Level 0.2 Ranged Weapons
 + Level 0.2 Throwing
 + Level 0.2 Armour
 + Level 0.2 Dodging
 + Level 0.2 Stealth
 + Level 2.4 Shields
 + Level 0.2 Unarmed Combat
 + Level 0.2 Spellcasting
 + Level 0.1 Conjurations
 + Level 0.1 Hexes
 + Level 0.1 Summonings
 + Level 0.1 Necromancy
 + Level 0.1 Translocations
 + Level 0.1 Transmutations
 + Level 0.1 Fire Magic
 + Level 0.1 Ice Magic
 + Level 0.1 Air Magic
 + Level 0.1 Earth Magic
 + Level 0.1 Poison Magic
 + Level 2.4 Invocations
 + Level 4.4 Evocations
 + Level 0.2 Shapeshifting


You had one spell level left.
You didn't know any spells.
Your spell library was empty.

Dungeon Overview and Level Annotations

Branches:
Dungeon (1/15)

Altars:


Innate Abilities, Weirdness & Mutations

You have very sharp teeth.
Your uncanny sense of smell can sniff out nearby items.
Your experience applies equally to all skills.


Message History

You block the bat's attack.
You closely miss the bat. The bat barely misses you.
You barely miss the bat. You bite the bat, but do no damage.
The bat hits you but does no damage. The bat barely misses you.
You closely miss the bat. The bat hits you.
The bat hits you but does no damage. You block the bat's attack.
The bat hits you but does no damage.
You hit the bat.
You kill the bat!
A kobold comes into view. It is wielding a +0 dagger.
You slash the kobold!
You kill the kobold!
Things that are here:
a +0 dagger; a kobold corpse A kobold comes into view.
It is wielding a +0 short sword.
The kobold shouts!
You hear an angry hiss.
A quokka comes into view.
You slash the kobold!
You kill the kobold!
Things that are here:
a +0 short sword; a kobold corpse The quokka bites you but does no damage.
A ball python comes into view.
The quokka bites you.
You hit the quokka.
You kill the quokka!
You have reached level 2!
The ball python misses you. You block the ball python's attack.
The ball python bites you. The ball python closely misses you.
You slash the ball python!
You kill the ball python!
A kobold comes into view.
It is wielding a +0 dagger of electrocution.
The kobold shouts!
You hear an angry hiss.
The kobold closely misses you.
You hit the kobold.
The kobold is severely wounded.
The kobold hits you with a +0 dagger of electrocution.
You are electrocuted!!
Ouch! That really hurt!
You die...

#.# #.#
##########.####
###.............####
....................
......##.###)##.....
###...##)# #.# ####.
∆ ...####.#
#.#######.# #####
#.# #.#..@K...# #.#
#...##....... #.#
#...# .###### #.#
#...# .# #.# ##..#
.# #.# #..# .. #.#
.... #. #.# #..#. .
#.# #...#.


You could see a kobold.

Vanquished Creatures
  A hobgoblin (D:1)
  2 kobolds (D:1)
  A quokka (D:1)
  A ball python (D:1)
  A bat (D:1)
  2 rats (D:1)
8 creatures vanquished.

Notes
Turn   | Place    | Note
-------+----------+-------------------------------------------
     0 | D:1      | promet the Gnoll Wanderer began the quest for the Orb.
     0 | D:1      | promet set off with the following items: a +2 falchion, a
                  | +0 short sword, a +0 buckler, a potion of curing, a +0
                  | leather armour.
     0 | D:1      | Reached XP level 1. HP: 13/13 MP: 2/2
    94 | D:1      | Reached XP level 2. HP: 19/19 MP: 3/3
   102 | D:1      | Slain by a kobold

Illustrated notes

Levels and vault maps discovered:
D:1:      wander_arrival_chamber, layout_loops_ring, corner_web_ring,
          minmay_tall_x

Action                     || total
---------------------------++-------
  Melee: Falchion          ||    15
         Bite              ||     1
    Use: Scroll            ||     1
 Armour: Leather armour    ||    11
  Dodge: Dodged            ||    10
  Block: Buckler           ||     4

Table legend: (Time is in decaauts)
 A = Elapsed time spent in this place.
 B = Non-inter-level travel time spent in this place.
 C = Inter-level travel time spent in this place.
 D = Time resting spent in this place.
 E = Time spent auto-exploring this place.
 F = Levels seen in this place.
 G = Mean time per level.
                   A        B        C        D        E       F      G
               +--------+--------+--------+--------+--------+-----+--------+
         Total |    103 |    103 |      0 |      0 |      1 |   1 |  103.0 |
       Dungeon |    103 |    103 |      0 |      0 |      1 |   1 |  103.0 |
               +--------+--------+--------+--------+--------+-----+--------+

Top non-repeatable levels by time:
     D:1: 103 daAuts
